[Event "Eurasia Open Cup 2019"]
[Site "Ekaterinburg"]
[Date "2019.08.01"]
[Round "2.27"]
[White "Pogromsky, Mikhail"]
[Black "Safin, Robert"]
[Result "1/2-1/2"]
[ECO "A01"]
[WhiteElo "2414"]
[BlackElo "2188"]
[Annotator "NA"]
[PlyCount "84"]
[EventDate "2019.07.31"]
[EventType "swiss"]
[EventCountry "RUS"]
[SourceTitle "playchess.com"]
[Source "ChessBase"]
[SourceQuality "1"]
[TimeControl "5400+30"]

1. b3 e5 2. Bb2 Nc6 3. e3 g6 4. d4 exd4 5. Nf3 Bb4+ 6. Nbd2 Bc3 7. Bxc3 dxc3 8. Ne4 Nf6 9. Nxc3 O-O 10. g3 d6 11. Bg2 Bg4 12. h3 Be6 13. Nd4 Nxd4 14. Qxd4 Qe7 15. e4 Bd7 16. f4 c5 17. Qd3 Bc6 18. O-O-O Rfd8 19. Rhe1 a6 20. g4 b5 21. Bf3 b4 22. Nd5 Bxd5 23. exd5 Qf8 24. g5 Ne8 25. f5 gxf5 26. Qxf5 Nc7 27. Qf6 Re8 28. Re4 Rxe4 29. Bxe4 Re8 30. Bd3 Re5 31. Bc4 Qe7 32. Qf2 Nb5 33. Bxb5 axb5 34. Kb1 Re2 35. Qf1 c4 36. Rc1 c3 37. h4 Qa7 38. a4 Qe3 39. a5 Rf2 40. Qg1 Kf8 41. Re1 Qd2 42. Rc1 Qe3 1/2-1/2

[Event "Eurasia Open Cup 2019"]
[Site "Ekaterinburg"]
[Date "2019.08.01"]
[Round "2.28"]
[White "Skvortsov, Andrei"]
[Black "Kopylov, Alexander A."]
[Result "1-0"]
[ECO "A23"]
[WhiteElo "2186"]
[BlackElo "2410"]
[Annotator "NA"]
[PlyCount "182"]
[EventDate "2019.07.31"]
[EventType "swiss"]
[EventCountry "RUS"]
[SourceTitle "playchess.com"]
[Source "ChessBase"]
[SourceQuality "1"]
[TimeControl "5400+30"]

1. c4 e5 2. Nc3 Nf6 3. g3 c6 4. e4 d5 5. cxd5 cxd5 6. exd5 Nxd5 7. Nf3 Nc6 8. Bg2 Nxc3 9. dxc3 Qxd1+ 10. Kxd1 Bc5 11. Be3 Bxe3 12. fxe3 f6 13. Nd2 Be6 14. Kc2 O-O-O 15. Bxc6 bxc6 16. e4 Rd6 17. Rhf1 Rhd8 18. Rf2 Kc7 19. Re1 a5 20. b3 a4 21. c4 Ra8 22. Kc3 axb3 23. axb3 Ra2 24. Re3 Bxc4 25. bxc4 Rdxd2 26. Rxd2 Ra3+ 27. Kb4 Rxe3 28. Kc5 Ra3 29. Kb4 Ra1 30. Kc5 h5 31. g4 hxg4 32. Rg2 Ra5+ 33. Kb4 Kb6 34. Rxg4 c5+ 35. Kb3 Ra7 36. Rg2 Kc6 37. Rd2 Rb7+ 38. Kc3 Rd7 39. Rg2 Kd6 40. Rd2+ Ke6 41. Rd5 Rc7 42. Kd3 Rc8 43. Ke3 Rh8 44. Rxc5 Rh3+ 45. Kd2 Rxh2+ 46. Kd3 Rh3+ 47. Kd2 Rh8 48. Ke3 Kd6 49. Ra5 Kc6 50. Ra7 Rh3+ 51. Kf2 Rh4 52. Kf3 Rf4+ 53. Ke3 Rg4 54. Kf3 Rg1 55. Kf2 Rg5 56. Ke3 Kc5 57. Rc7+ Kd6 58. Ra7 Rg3+ 59. Kf2 Rg4 60. Kf3 Rf4+ 61. Ke3 g5 62. Ra8 Rf1 63. Ke2 Rc1 64. Kd3 Ke6 65. Ra7 Rd1+ 66. Ke3 Rd7 67. Ra6+ Kf7 68. Ra1 Kg6 69. c5 Rc7 70. Rc1 Kf7 71. Kd3 Ke6 72. Kc4 f5 73. exf5+ Kxf5 74. Rf1+ Ke6 75. Kb5 e4 76. Kb6 Rc8 77. c6 Ke5 78. Kb7 Rg8 79. c7 e3 80. Rg1 Kf4 81. Rf1+ Ke4 82. Rg1 e2 83. Rxg5 Rxg5 84. c8=Q e1=Q 85. Qc6+ Kf4 86. Qf6+ Kg4 87. Qd4+ Kg3 88. Qd6+ Kg2 89. Qc6+ Kg1 90. Qb6+ Qf2 91. Qb1+ Kg2 1-0

[Event "Eurasia Open Cup 2019"]
[Site "Ekaterinburg"]
[Date "2019.08.01"]
[Round "2.29"]
[White "Radzhabov, Rodion"]
[Black "Kyshtymov, Daniil"]
[Result "0-1"]
[ECO "E68"]
[WhiteElo "2404"]
[BlackElo "2176"]
[Annotator "NA"]
[PlyCount "93"]
[EventDate "2019.07.31"]
[EventType "swiss"]
[EventCountry "RUS"]
[SourceTitle "playchess.com"]
[Source "ChessBase"]
[SourceQuality "1"]
[TimeControl "5400+30"]

1. Nf3 Nf6 2. g3 g6 3. b3 Bg7 4. Bb2 O-O 5. Bg2 d6 6. d4 Nbd7 7. O-O Re8 8. c4 c6 9. Nc3 e5 10. e4 exd4 11. Nxd4 Nc5 12. Qc2 Qb6 13. Rad1 a5 14. Kh1 Ng4 15. h3 Ne5 16. f4 Ned7 17. Nde2 a4 18. Nxa4 Nxa4 19. Bxg7 Kxg7 20. bxa4 Qc5 21. Nc3 Nb6 22. f5 Nxc4 23. Qf2 Qxf2 24. Rxf2 gxf5 25. exf5 f6 26. Rd4 d5 27. g4 Re3 28. Ne2 Rxa4 29. Nf4 b5 30. h4 Ne5 31. Rxa4 bxa4 32. Bh3 Nd3 33. Re2 Rxe2 34. Nxe2 h5 35. Kg2 hxg4 36. Bxg4 Nb4 37. a3 Nc2 38. Kg3 d4 39. Kf4 c5 40. Ng3 Nxa3 41. Ne4 c4 42. Nc5 c3 43. Ke4 c2 44. Nd3 Ba6 45. Nc1 d3 46. Ke3 Nb1 47. Kd4 0-1

[Event "Eurasia Open Cup 2019"]
[Site "Ekaterinburg"]
[Date "2019.08.01"]
[Round "2.30"]
[White "Eliseev, Mikhail"]
[Black "Popov, Mikhail"]
[Result "0-1"]
[ECO "B23"]
[WhiteElo "2173"]
[BlackElo "2397"]
[Annotator "NA"]
[PlyCount "70"]
[EventDate "2019.07.31"]
[EventType "swiss"]
[EventCountry "RUS"]
[SourceTitle "playchess.com"]
[Source "ChessBase"]
[SourceQuality "1"]
[TimeControl "5400+30"]

1. e4 c5 2. Nc3 d6 3. f4 g6 4. Nf3 Bg7 5. Bb5+ Bd7 6. Bc4 Nc6 7. O-O Nd4 8. Nxd4 cxd4 9. Ne2 e6 10. d3 Ne7 11. Bb3 O-O 12. Qe1 b5 13. Bd2 a5 14. a3 Nc6 15. Ng3 Qh4 16. a4 b4 17. Bc4 Rae8 18. Qf2 f5 19. Bb5 Nb8 20. exf5 gxf5 21. Qf3 Rc8 22. Rfc1 Rc5 23. Qb7 Qd8 24. Ne2 Bc6 25. Bxc6 Nxc6 26. c3 Rf7 27. Qa6 Ra7 28. Qxa7 Nxa7 29. cxb4 axb4 30. Bxb4 Rxc1+ 31. Rxc1 Qb6 32. Ba3 Qa6 33. Rc4 d5 34. Rc7 Qxd3 35. Ng3 Qe3+ 0-1

[Event "Eurasia Open Cup 2019"]
[Site "Ekaterinburg"]
[Date "2019.08.01"]
[Round "2.31"]
[White "Cherniaev, Alexander"]
[Black "Kavyev, Ruslan"]
[Result "1-0"]
[ECO "B90"]
[WhiteElo "2396"]
[BlackElo "2167"]
[Annotator "NA"]
[PlyCount "87"]
[EventDate "2019.07.31"]
[EventType "swiss"]
[EventCountry "RUS"]
[SourceTitle "playchess.com"]
[Source "ChessBase"]
[SourceQuality "1"]
[TimeControl "5400+30"]

1. e4 c5 2. Nf3 d6 3. d4 cxd4 4. Nxd4 Nf6 5. Nc3 a6 6. Nb3 Qc7 7. Nd5 Nxd5 8. exd5 g6 9. Be2 Bg7 10. O-O Nd7 11. Re1 O-O 12. Bf1 Ne5 13. a4 Re8 14. c3 b6 15. Nd4 Bb7 16. Nc2 Nc4 17. Na3 Nxa3 18. Rxa3 Qc5 19. c4 b5 20. axb5 axb5 21. Rb3 Ba6 22. Be3 Qc8 23. cxb5 Bb7 24. b6 Qf5 25. Bb5 Rec8 26. Bc6 Rab8 27. Bxb7 Rxb7 28. Rb5 Rc2 29. Re2 Rxe2 30. Qxe2 Qb1+ 31. Qf1 Qe4 32. Qc1 Be5 33. Bh6 Qf5 34. Ra5 Rb8 35. b7 Qd7 36. Qc6 Qg4 37. g3 Bd4 38. Ra8 Bxf2+ 39. Kxf2 Qd4+ 40. Ke2 Qe4+ 41. Kd2 Qd4+ 42. Kc2 Qe4+ 43. Kb3 Qd3+ 44. Ka2 1-0

[Event "Eurasia Open Cup 2019"]
[Site "Ekaterinburg"]
[Date "2019.08.01"]
[Round "2.32"]
[White "Novikov, Evgenij"]
[Black "Bivol, Alina"]
[Result "1/2-1/2"]
[ECO "A48"]
[WhiteElo "2164"]
[BlackElo "2391"]
[Annotator "NA"]
[PlyCount "90"]
[EventDate "2019.07.31"]
[EventType "swiss"]
[EventCountry "RUS"]
[SourceTitle "playchess.com"]
[Source "ChessBase"]
[SourceQuality "1"]
[TimeControl "5400+30"]

1. d4 Nf6 2. Bf4 g6 3. e3 d6 4. Nf3 Nh5 5. Bg5 h6 6. Bh4 g5 7. Nfd2 Ng7 8. Bg3 Nf5 9. c3 c5 10. Bc4 Bg7 11. dxc5 dxc5 12. Bxb8 Rxb8 13. Qa4+ Bd7 14. Bb5 a6 15. Bxd7+ Qxd7 16. Qxd7+ Kxd7 17. a4 b6 18. Ne4 Kc6 19. Nbd2 Nh4 20. g3 Ng6 21. f3 Rhd8 22. Ke2 Rd7 23. Rhd1 Rbd8 24. Nc4 f5 25. Nf2 Rxd1 26. Rxd1 Rxd1 27. Kxd1 b5 28. axb5+ axb5 29. Nd2 e6 30. Kc2 Ne5 31. b3 Bf6 32. Nd3 Nd7 33. Nf2 Nb6 34. c4 bxc4 35. bxc4 Nd7 36. h3 Bd8 37. Nd3 Bc7 38. Nf1 Nf6 39. Nf2 Nd7 40. f4 Nf6 41. Kd3 e5 42. fxe5 Bxe5 43. g4 f4 44. exf4 Bxf4 45. Ne3 Bxe3 1/2-1/2

[Event "Eurasia Open Cup 2019"]
[Site "Ekaterinburg"]
[Date "2019.08.01"]
[Round "2.33"]
[White "Kotlyar, Kirill"]
[Black "Yangutov, Aleksey"]
[Result "1-0"]
[ECO "E09"]
[WhiteElo "2387"]
[BlackElo "2157"]
[Annotator "NA"]
[PlyCount "97"]
[EventDate "2019.07.31"]
[EventType "swiss"]
[EventCountry "RUS"]
[SourceTitle "playchess.com"]
[Source "ChessBase"]
[SourceQuality "1"]
[TimeControl "5400+30"]

1. c4 Nf6 2. g3 e6 3. Bg2 Be7 4. Nf3 O-O 5. O-O d5 6. d4 c6 7. Nbd2 Nbd7 8. Qc2 b6 9. e4 dxe4 10. Nxe4 Bb7 11. Rd1 Qc8 12. Bf4 Nxe4 13. Qxe4 Nf6 14. Qe2 Re8 15. Bh3 Ba6 16. Rac1 Nd5 17. Bg5 Qd8 18. Bxe7 Qxe7 19. Ne5 c5 20. Bg2 Rac8 21. Qf3 Nf6 22. Qa3 Bb7 23. Qxa7 Bxg2 24. Qxe7 Rxe7 25. Kxg2 g6 26. Rc3 Kg7 27. Rb3 Nd7 28. Nxd7 Rxd7 29. Rxb6 cxd4 30. b3 e5 31. Kf3 f5 32. a4 g5 33. a5 e4+ 34. Ke2 f4 35. gxf4 gxf4 36. Re6 f3+ 37. Ke1 Rb8 38. Rxe4 Rxb3 39. Rexd4 Re7+ 40. Kf1 Ra3 41. R4d3 Rxa5 42. Rxf3 Rc5 43. Rd4 h5 44. Rff4 Rec7 45. Ke2 Re7+ 46. Rfe4 Rec7 47. h4 Ra5 48. Rd5 Rxc4 49. Rd7+ 1-0

[Event "Eurasia Open Cup 2019"]
[Site "Ekaterinburg"]
[Date "2019.08.01"]
[Round "2.34"]
[White "Polosin, Evgeni"]
[Black "Kanter, Eduard"]
[Result "0-1"]
[ECO "B76"]
[WhiteElo "2153"]
[BlackElo "2384"]
[Annotator "NA"]
[PlyCount "108"]
[EventDate "2019.07.31"]
[EventType "swiss"]
[EventCountry "RUS"]
[SourceTitle "playchess.com"]
[Source "ChessBase"]
[SourceQuality "1"]
[TimeControl "5400+30"]

1. e4 c5 2. Nf3 d6 3. d4 cxd4 4. Nxd4 Nf6 5. Nc3 g6 6. Be3 Bg7 7. f3 O-O 8. Qd2 Nc6 9. g4 Bd7 10. Be2 Rc8 11. O-O-O Ne5 12. h4 Qa5 13. Nb3 Qc7 14. g5 Nh5 15. Nd5 Qd8 16. Bxa7 Be6 17. Bd4 Bxd5 18. exd5 b5 19. Kb1 Qd7 20. f4 Nc4 21. Qc1 Ng3 22. Rhe1 Nf5 23. Bxg7 Kxg7 24. Bxc4 Rxc4 25. Na5 Ra4 26. Nc6 Rfa8 27. a3 e6 28. Qd2 Rc4 29. Nb4 Rac8 30. c3 Re8 31. dxe6 fxe6 32. Nd3 Qc6 33. h5 gxh5 34. Qe2 Ng3 35. Qf2 Nf5 36. Nb4 Qb7 37. Rd3 Re4 38. Red1 d5 39. Rh3 h4 40. Nd3 Qc7 41. Rdh1 d4 42. cxd4 Qc4 43. Rc1 Qxd4 44. Rc7+ Kg8 45. Qc2 Re3 46. Rxe3 Nxe3 47. Qe2 Nd5 48. Rb7 Nxf4 49. Nxf4 Qxf4 50. Qh5 Qe4+ 51. Ka1 Rf8 52. Rxb5 Qc4 53. Rf5 Rxf5 54. Qe8+ Rf8 0-1

[Event "Eurasia Open Cup 2019"]
[Site "Ekaterinburg"]
[Date "2019.08.01"]
[Round "2.35"]
[White "Guseva, Marina"]
[Black "Nosacheva, Mariya"]
[Result "1-0"]
[ECO "E63"]
[WhiteElo "2379"]
[BlackElo "2150"]
[Annotator "NA"]
[PlyCount "69"]
[EventDate "2019.07.31"]
[EventType "swiss"]
[EventCountry "RUS"]
[SourceTitle "playchess.com"]
[Source "ChessBase"]
[SourceQuality "1"]
[TimeControl "5400+30"]

1. d4 Nf6 2. c4 g6 3. Nf3 Bg7 4. g3 O-O 5. Bg2 d6 6. O-O Nc6 7. Nc3 a6 8. e3 Rb8 9. Qe2 b5 10. Rd1 e6 11. e4 Na5 12. cxb5 axb5 13. b4 Nc6 14. Rb1 Qe8 15. a3 e5 16. d5 Nd4 17. Nxd4 exd4 18. Rxd4 Nxd5 19. Rxd5 Bxc3 20. Bh6 Bg7 21. Bxg7 Kxg7 22. Rc1 Be6 23. Qb2+ Kg8 24. Rd2 Bc4 25. a4 Qe7 26. a5 c5 27. h4 f5 28. bxc5 dxc5 29. exf5 Rbd8 30. fxg6 hxg6 31. a6 Kh7 32. Rxd8 Rxd8 33. Ra1 Qa7 34. Qf6 Re8 35. Bb7 1-0

[Event "Eurasia Open Cup 2019"]
[Site "Ekaterinburg"]
[Date "2019.08.01"]
[Round "2.36"]
[White "Ufimtsev, Egor"]
[Black "Chekletsov, Ilya"]
[Result "1/2-1/2"]
[ECO "A17"]
[WhiteElo "2148"]
[BlackElo "2374"]
[Annotator "NA"]
[PlyCount "61"]
[EventDate "2019.07.31"]
[EventType "swiss"]
[EventCountry "RUS"]
[SourceTitle "playchess.com"]
[Source "ChessBase"]
[SourceQuality "1"]
[TimeControl "5400+30"]

1. Nf3 Nf6 2. c4 e6 3. Nc3 Bb4 4. Qc2 c5 5. a3 Ba5 6. g3 O-O 7. Bg2 Nc6 8. O-O a6 9. e3 d5 10. cxd5 exd5 11. d4 cxd4 12. Nxd4 Nxd4 13. exd4 h6 14. Qb3 Qb6 15. Qxb6 Bxb6 16. Nxd5 Nxd5 17. Bxd5 Bxd4 18. Rd1 Be5 19. Be3 Bxb2 20. Ra2 Bf6 21. Rb1 Rd8 22. Rd2 Rxd5 23. Rxd5 Be6 24. Rd2 b5 25. Rc1 Bc4 26. a4 Kh7 27. axb5 axb5 28. Rd7 Ra2 29. Rc7 Rb2 30. R7xc4 bxc4 31. Rxc4 1/2-1/2

[Event "Eurasia Open Cup 2019"]
[Site "Ekaterinburg"]
[Date "2019.08.01"]
[Round "2.37"]
[White "Tunik, Gennady"]
[Black "Voinikonis, Nikita"]
[Result "1/2-1/2"]
[ECO "D06"]
[WhiteElo "2371"]
[BlackElo "2137"]
[Annotator "NA"]
[PlyCount "96"]
[EventDate "2019.07.31"]
[EventType "swiss"]
[EventCountry "RUS"]
[SourceTitle "playchess.com"]
[Source "ChessBase"]
[SourceQuality "1"]
[TimeControl "5400+30"]

1. d4 d5 2. c4 c5 3. cxd5 Qxd5 4. Nf3 cxd4 5. Nc3 Qa5 6. Nxd4 Nf6 7. g3 e5 8. Nb3 Qc7 9. Bg5 Bb4 10. Bg2 Bxc3+ 11. bxc3 Nbd7 12. O-O O-O 13. c4 h6 14. Bd2 a5 15. Rc1 Nb8 16. Bc3 Nc6 17. Qc2 Be6 18. Ba1 Rad8 19. Nc5 Bc8 20. Ne4 Nxe4 21. Bxe4 Nd4 22. Qb2 Rfe8 23. c5 Be6 24. e3 Nc6 25. Rfd1 Rxd1+ 26. Rxd1 Rd8 27. Rxd8+ Nxd8 28. Qxe5 Qxe5 29. Bxe5 Bxa2 30. Bc7 Nc6 31. Bxc6 bxc6 32. Bxa5 Bd5 33. g4 Bf3 34. h3 h5 35. gxh5 Bxh5 36. Kg2 f5 37. Kg3 Kf7 38. Kf4 g6 39. Ke5 Bf3 40. Bd8 Bg2 41. h4 Bf3 42. Bg5 Bd1 43. Kd6 Bf3 44. Bf4 Bd5 45. Be5 Be4 46. Bc3 Bd5 47. Ke5 Bf3 48. Kf4 Bd1 1/2-1/2

[Event "Eurasia Open Cup 2019"]
[Site "Ekaterinburg"]
[Date "2019.08.01"]
[Round "2.38"]
[White "Fedotov, Alexey"]
[Black "Fotin, Vladimir"]
[Result "1/2-1/2"]
[ECO "D85"]
[WhiteElo "2141"]
[BlackElo "2368"]
[Annotator "NA"]
[PlyCount "152"]
[EventDate "2019.07.31"]
[EventType "swiss"]
[EventCountry "RUS"]
[SourceTitle "playchess.com"]
[Source "ChessBase"]
[SourceQuality "1"]
[TimeControl "5400+30"]

1. d4 Nf6 2. c4 g6 3. Nc3 d5 4. cxd5 Nxd5 5. e4 Nxc3 6. bxc3 Bg7 7. Nf3 c5 8. Be3 Qa5 9. Qd2 O-O 10. Rc1 Rd8 11. d5 e6 12. Bg5 f6 13. Be3 Nc6 14. Bd3 Ne7 15. c4 Qxd2+ 16. Nxd2 b6 17. Ke2 h6 18. h4 f5 19. f3 Bd7 20. Rhg1 Rf8 21. g4 fxg4 22. fxg4 Rae8 23. Rcf1 Rxf1 24. Nxf1 Nc8 25. Nd2 exd5 26. cxd5 Nd6 27. Bf4 Nf7 28. Nf3 b5 29. Kf2 c4 30. Bc2 a5 31. Kg3 b4 32. Re1 a4 33. e5 g5 34. hxg5 hxg5 35. Bd2 c3 36. Bxc3 bxc3 37. e6 Kf8 38. exd7 Rxe1 39. Nxe1 Ke7 40. Bxa4 Kd6 41. Kf3 Kc5 42. Ke4 Nd6+ 43. Kd3 Bf6 44. Bc6 Nc4 45. d8=Q Bxd8 46. Kxc3 Ba5+ 47. Kd3 Bxe1 48. Ke4 Bd2 49. a4 Bf4 50. Ba8 Ne3 51. a5 Nc4 52. a6 Nd6+ 53. Kd3 Kb6 54. Kd4 Kxa6 55. Bc6 Kb6 56. Bd7 Kc7 57. Be6 Ne8 58. Ke4 Nd6+ 59. Kd4 Ne8 60. Ke4 Kd6 61. Kf3 Nf6 62. Bc8 Kxd5 63. Ba6 Nd7 64. Bb7+ Kd4 65. Bc8 Ne5+ 66. Kf2 Be3+ 67. Kg3 Bd2 68. Bb7 Ke3 69. Bc8 Be1+ 70. Kh3 Kf2 71. Bb7 Kg1 72. Be4 Nc4 73. Bd5 Ne3 74. Bf3 Bh4 75. Bd1 Nd5 76. Bf3 Nf4# 1/2-1/2

[Event "Eurasia Open Cup 2019"]
[Site "Ekaterinburg"]
[Date "2019.08.01"]
[Round "2.39"]
[White "Postnikov, Daniil"]
[Black "Averyanov, Grigori"]
[Result "1/2-1/2"]
[ECO "B66"]
[WhiteElo "2354"]
[BlackElo "2131"]
[Annotator "NA"]
[PlyCount "46"]
[EventDate "2019.07.31"]
[EventType "swiss"]
[EventCountry "RUS"]
[SourceTitle "playchess.com"]
[Source "ChessBase"]
[SourceQuality "1"]
[TimeControl "5400+30"]

1. e4 c5 2. Nf3 d6 3. d4 cxd4 4. Nxd4 Nf6 5. Nc3 Nc6 6. Bg5 e6 7. Qd2 a6 8. O-O-O h6 9. Nxc6 bxc6 10. Bf4 d5 11. Qe3 Bb4 12. Be2 O-O 13. e5 Nh7 14. h4 Qa5 15. Rh3 Bc5 16. Qg3 Kh8 17. Bd3 Rb8 18. Bxh6 gxh6 19. Bxh7 Kxh7 20. Qd3+ Kh8 21. Qd2 Kh7 22. Qd3+ Kh8 23. Qd2 Kh7 1/2-1/2

[Event "Eurasia Open Cup 2019"]
[Site "Ekaterinburg"]
[Date "2019.08.01"]
[Round "2.40"]
[White "Zhukov, Ivan"]
[Black "Bublei, Pavel"]
[Result "0-1"]
[ECO "B17"]
[WhiteElo "2136"]
[BlackElo "2353"]
[Annotator "NA"]
[PlyCount "100"]
[EventDate "2019.07.31"]
[EventType "swiss"]
[EventCountry "RUS"]
[SourceTitle "playchess.com"]
[Source "ChessBase"]
[SourceQuality "1"]
[TimeControl "5400+30"]

1. e4 c6 2. d4 d5 3. Nd2 dxe4 4. Nxe4 Nd7 5. Ng5 h6 6. Ne6 Qb6 7. Nxf8 Nxf8 8. Nf3 Nf6 9. c3 Bf5 10. Be2 Ng6 11. Qb3 Qc7 12. Bd2 O-O 13. O-O Rad8 14. Rad1 b6 15. Rfe1 e6 16. a4 Be4 17. a5 Nf4 18. Bxf4 Qxf4 19. axb6 axb6 20. Nd2 b5 21. g3 Qf5 22. Nxe4 Nxe4 23. f4 Nd6 24. Bd3 Qd5 25. Qc2 Nc4 26. Bxc4 Qxc4 27. Re5 Qa2 28. Rc5 Rd6 29. Qg2 b4 30. Rf1 Rb8 31. Rf2 bxc3 32. bxc3 Rb1+ 33. Rf1 Rb2 34. Qf3 Rxh2 35. Rxc6 Rxc6 36. Qxc6 Qd2 37. Qf3 Rh3 38. Qf2 Qxc3 39. Kg2 Rh5 40. Qf3 Qa5 41. Rf2 g6 42. Qe4 Qc3 43. Rf3 Qc4 44. g4 Rd5 45. Rd3 Qc2+ 46. Kg3 h5 47. g5 Ra5 48. Re3 Qc1 49. Rb3 Qg1+ 50. Kh3 Qg4+ 0-1

[Event "Eurasia Open Cup 2019"]
[Site "Ekaterinburg"]
[Date "2019.08.01"]
[Round "2.41"]
[White "Abramov, Ilya"]
[Black "Ovchinnikov, Vsevolod"]
[Result "0-1"]
[ECO "E71"]
[WhiteElo "2065"]
[BlackElo "2346"]
[Annotator "NA"]
[PlyCount "150"]
[EventDate "2019.07.31"]
[EventType "swiss"]
[EventCountry "RUS"]
[SourceTitle "playchess.com"]
[Source "ChessBase"]
[SourceQuality "1"]
[TimeControl "5400+30"]

1. d4 Nf6 2. c4 g6 3. Nc3 Bg7 4. e4 d6 5. h3 O-O 6. Bg5 c5 7. d5 b5 8. cxb5 a6 9. a4 Qa5 10. Bd2 Qb4 11. Qc2 axb5 12. Bxb5 Ba6 13. f3 c4 14. Nge2 Nfd7 15. O-O Nc5 16. Ra3 Bxb5 17. Nd1 Qb3 18. Qb1 c3 19. Rxb3 Nxb3 20. Bxc3 Bxe2 21. Bxg7 Kxg7 22. Re1 Bxd1 23. Qxd1 Nc5 24. a5 Nba6 25. e5 Rab8 26. exd6 exd6 27. Qd4+ Kg8 28. Re7 Nb4 29. h4 h5 30. f4 Nbd3 31. Qf6 Rxb2 32. Qxd6 Nb7 33. Qa3 Rb1+ 34. Kh2 Ndc5 35. f5 gxf5 36. a6 Rb3 37. Qa1 Nd6 38. a7 Ra8 39. Qc1 Ncb7 40. Qg5+ Kf8 41. Rc7 Rxa7 42. Qxh5 Kg8 43. Qg5+ Kh7 44. Qh5+ Kg7 45. Qg5+ Kh7 46. h5 Ra4 47. Qg6+ Kh8 48. Qh6+ Kg8 49. Qg5+ Kh7 50. Qg6+ Kh8 51. Qf6+ Kg8 52. Rc2 Kh7 53. Re2 Rbb4 54. Re3 Rh4+ 55. Rh3 Rhg4 56. Qe5 Rae4 57. Qb2 Na5 58. Qf6 Re2 59. Rc3 Rexg2+ 60. Kh1 Nac4 61. Rxc4 Nxc4 62. Qxf7+ Kh6 63. Qf6+ Kxh5 64. Qxf5+ Kh4 65. Qh7+ Kg5 66. Qg7+ Kf5 67. Qf7+ Ke4 68. Qe8+ Kd3 69. Qe1 Nd2 70. Qa1 Rg6 71. d6 R2g4 72. Qa3+ Ke2 73. Qa6+ Ke1 74. Qa1+ Kf2 75. Qh8 Rg1+ 0-1

[Event "Eurasia Open Cup 2019"]
[Site "Ekaterinburg"]
[Date "2019.08.01"]
[Round "2.42"]
[White "Klukin, Kirill"]
[Black "Vinokur, Yuliya"]
[Result "1/2-1/2"]
[ECO "A47"]
[WhiteElo "2325"]
[BlackElo "2013"]
[Annotator "NA"]
[PlyCount "120"]
[EventDate "2019.07.31"]
[EventType "swiss"]
[EventCountry "RUS"]
[SourceTitle "playchess.com"]
[Source "ChessBase"]
[SourceQuality "1"]
[TimeControl "5400+30"]

1. d4 Nf6 2. Nf3 c5 3. e3 b6 4. Bd3 Bb7 5. O-O g6 6. c4 cxd4 7. exd4 Bg7 8. d5 d6 9. Nc3 O-O 10. Re1 Nbd7 11. Rb1 Rc8 12. Bf1 Ng4 13. Nd4 Nge5 14. b3 Nc5 15. Be3 a5 16. f4 Ned7 17. Bf2 Re8 18. a3 Nf6 19. b4 axb4 20. axb4 Ncd7 21. Ncb5 Nf8 22. Na7 Ra8 23. Ndc6 Bxc6 24. Nxc6 Qc7 25. Qf3 e6 26. Nd4 exd5 27. cxd5 Rxe1 28. Rxe1 Ra2 29. Nb5 Qd7 30. Qb3 Rd2 31. Rd1 Rxd1 32. Qxd1 Qf5 33. Nxd6 Qxf4 34. Bg3 Qxb4 35. Qf3 N8d7 36. Kh1 Bf8 37. Nc4 Bc5 38. h3 b5 39. Ne5 Qd4 40. Bh2 b4 41. Nc6 Qxd5 42. Qxd5 Nxd5 43. Bc4 N7b6 44. Bb3 Kg7 45. Ne5 f6 46. Nd3 Bd4 47. Bd6 Bc3 48. g4 g5 49. Kg2 Kg6 50. Kf3 f5 51. Bc2 Nc4 52. Nxb4 Bxb4 53. Bxf5+ Kf6 54. Bxb4 Nxb4 55. Bxh7 Nd5 56. Bg8 Ke5 57. Kg3 Nce3 58. Bxd5 Kxd5 59. h4 gxh4+ 60. Kxh4 Ke5 1/2-1/2

[Event "Eurasia Open Cup 2019"]
[Site "Ekaterinburg"]
[Date "2019.08.01"]
[Round "2.43"]
[White "Kirillov, Anton"]
[Black "Pozin, Sergey"]
[Result "0-1"]
[ECO "B60"]
[WhiteElo "1855"]
[BlackElo "2299"]
[Annotator "NA"]
[PlyCount "66"]
[EventDate "2019.07.31"]
[EventType "swiss"]
[EventCountry "RUS"]
[SourceTitle "playchess.com"]
[Source "ChessBase"]
[SourceQuality "1"]
[TimeControl "5400+30"]

1. e4 c5 2. Nf3 d6 3. d4 cxd4 4. Nxd4 Nf6 5. Nc3 Nc6 6. Bg5 Bd7 7. f4 e6 8. Qd2 h6 9. Bxf6 Qxf6 10. Ndb5 O-O-O 11. O-O-O a6 12. Na3 d5 13. e5 Qe7 14. Ne2 f6 15. Nd4 fxe5 16. Nxc6 Bxc6 17. fxe5 Qc7 18. Nb1 Qxe5 19. Be2 Bc5 20. Qe1 Rhf8 21. Bf3 Qg5+ 22. Nd2 e5 23. h4 Qe3 24. Rh3 Qxe1 25. Rxe1 e4 26. Bg4+ Kb8 27. c4 Bf2 28. Re2 d4 29. Nxe4 Be3+ 30. Rhxe3 dxe3 31. Ng3 Rf4 32. Be6 Re8 33. Rxe3 Rf6 0-1

[Event "Eurasia Open Cup 2019"]
[Site "Ekaterinburg"]
[Date "2019.08.01"]
[Round "2.44"]
[White "Inozemtsev, Sergei"]
[Black "Sargsyan, Alina"]
[Result "1/2-1/2"]
[ECO "C02"]
[WhiteElo "2295"]
[BlackElo "1298"]
[Annotator "NA"]
[PlyCount "51"]
[EventDate "2019.07.31"]
[EventType "swiss"]
[EventCountry "RUS"]
[SourceTitle "playchess.com"]
[Source "ChessBase"]
[SourceQuality "1"]
[TimeControl "5400+30"]

1. e4 e6 2. d4 d5 3. e5 Nd7 4. Nf3 a6 5. Bd3 c5 6. c3 Ne7 7. O-O Nc6 8. Qe2 b5 9. a3 b4 10. dxc5 bxa3 11. b4 a2 12. Rxa2 g6 13. Bf4 Bg7 14. Re1 h6 15. h4 d4 16. b5 Ne7 17. cxd4 Rb8 18. bxa6 Nd5 19. Bd2 Ra8 20. Na3 Nb8 21. Nb5 Bf8 22. Nd6+ Bxd6 23. exd6 Nc6 24. Bb5 Bd7 25. Ne5 Nxe5 26. Qxe5 1/2-1/2

[Event "Eurasia Open Cup 2019"]
[Site "Ekaterinburg"]
[Date "2019.08.01"]
[Round "2.45"]
[White "Goncharov, Konstantin"]
[Black "Matsenko, Andrei"]
[Result "0-1"]
[ECO "B22"]
[WhiteElo "1891"]
[BlackElo "2293"]
[Annotator "NA"]
[PlyCount "82"]
[EventDate "2019.07.31"]
[EventType "swiss"]
[EventCountry "RUS"]
[SourceTitle "playchess.com"]
[Source "ChessBase"]
[SourceQuality "1"]
[TimeControl "5400+30"]

1. e4 c5 2. c3 Nf6 3. e5 Nd5 4. Bc4 Nb6 5. Bb3 c4 6. Bc2 Nc6 7. f4 d6 8. exd6 Qxd6 9. d4 cxd3 10. Qxd3 Qc7 11. Nf3 g6 12. Be3 Bf5 13. Qe2 Bxc2 14. Qxc2 Nd5 15. Qd2 Rd8 16. Nd4 Nxe3 17. Qxe3 Nxd4 18. cxd4 Bg7 19. Nc3 Bxd4 20. Qf3 O-O 21. O-O-O Bxc3 22. bxc3 Rc8 23. Kc2 b5 24. Rd4 a5 25. a3 Qc5 26. Kb2 e6 27. g4 Rb8 28. Qe4 Rfc8 29. Rc1 Qc7 30. Rc2 Rb6 31. Kb3 Rd6 32. Qd3 Rxd4 33. Qxd4 Qc4+ 34. Kb2 Qxd4 35. cxd4 Rxc2+ 36. Kxc2 Kf8 37. Kb3 Ke7 38. a4 bxa4+ 39. Kxa4 Kd6 40. Kxa5 Kd5 41. Kb5 Kxd4 0-1

[Event "Eurasia Open Cup 2019"]
[Site "Ekaterinburg"]
[Date "2019.08.02"]
[Round "3.3"]
[White "Kopylov, Alexander A."]
[Black "Pridorozhni, Aleksei"]
[Result "0-1"]
[ECO "A07"]
[WhiteElo "2410"]
[BlackElo "2586"]
[Annotator "ChessBase"]
[PlyCount "120"]
[EventDate "2019.07.31"]
[EventType "swiss"]
[EventCountry "RUS"]
[SourceTitle "playchess.com"]
[Source "ChessBase"]
[SourceQuality "1"]
[TimeControl "5400+30"]

1. Nf3 d5 2. g3 Nc6 3. Bg2 e5 4. d3 Nf6 5. O-O Be7 6. c3 a5 7. Qc2 O-O 8. e4 Re8 9. Re1 Bf8 10. a4 h6 11. exd5 Nxd5 12. Nbd2 g6 13. Nc4 Bg7 14. Qb3 Nb6 15. Nxb6 cxb6 16. Be3 Ra6 17. Rad1 Be6 18. Qc2 Bd5 19. d4 exd4 20. Nxd4 Nxd4 21. Bxd4 Rxe1+ 22. Rxe1 Bxg2 23. Kxg2 Bxd4 24. Rd1 b5 25. Rxd4 Rd6 26. Rxd6 Qxd6 27. Qe4 Qd7 28. axb5 Qxb5 29. Qd4 a4 30. Qd8+ Kh7 31. Qf6 Qd5+ 32. Qf3 Qd7 33. Qf6 b5 34. Qe5 Qc6+ 35. Kg1 Qc4 36. h4 h5 37. Kg2 Qb3 38. Qf6 Qd5+ 39. Qf3 Qd7 40. Qf6 Kg8 41. Qe5 Qc6+ 42. Kg1 Kf8 43. Kf1 Qc4+ 44. Ke1 Qd3 45. Qc5+ Kg7 46. Qb4 Kf6 47. Qf4+ Ke6 48. Qd2 Qxd2+ 49. Kxd2 Kd5 50. Kd3 Kc5 51. Kd2 Kc4 52. Kc2 f6 53. f3 g5 54. hxg5 fxg5 55. Kd2 h4 56. gxh4 gxh4 57. Ke3 h3 58. Kf2 h2 59. Kg2 Kb3 60. f4 Kxb2 0-1